 Dungeon Crawl Stone Soup version 0.28-a0-533-g9f97627e2a (webtiles) character file.

Game seed: 996863772000714335

589 Gargoyl the Skirmisher (level 7, -2/60 HPs)
             Began as a Gnoll Abyssal Knight on Sept 26, 2021.
             Was a Believer of Lugonu.
             Slain by an iguana (9 damage)
             ... on level 4 of the Dungeon.
             The game lasted 00:08:29 (5319 turns).

Gargoyl the Skirmisher (Gnoll Abyssal Knight)       Turns: 5319, Time: 00:08:30

Health: -2/60      AC: 13    Str: 14    XL:     7   Next: 38%
Magic:  11/11      EV:  7    Int:  9    God:    Lugonu [**....]
Gold:   110        SH:  7    Dex: 13    Spells: 10/10 levels left

rFire   . . .      SeeInvis .   a - +1 hand axe
rCold   . . .      Faith    .   c - +3 buckler {AC+3}
rNeg    . . .      Spirit   .   o - +1 chain mail
rPois   .          Reflect  .   (no helmet)
rElec   .          Harm     .   (no cloak)
rCorr   .          Rampage  .   (no gloves)
Will    .....                   (no boots)
Stlth   ..........              (no amulet)
HPRegen 0.20/turn               (no ring)
MPRegen 0.12/turn               (no ring)

@: lethally poisoned (-2 -> -16)
A: fangs 1, strong nose, distributed training
a: Renounce Religion, Depart the Abyss, Bend Space


You were on level 4 of the Dungeon.
You worshipped Lugonu.
Lugonu was pleased with you.
You visited 1 branch of the dungeon, and saw 5 of its levels.
You visited the Abyss 1 time.

You collected 110 gold pieces.

Inventory:

Hand Weapons
 a - a +1 hand axe (weapon)
Missiles
 e - 2 curare-tipped darts (quivered)
 m - 2 javelins
Armour
 c - a +3 buckler of protection (worn)
 o - a +1 chain mail (worn)
Jewellery
 t - a ring of fire
Wands
 d - a wand of paralysis (4)
Scrolls
 u - 4 scrolls of teleportation
Potions
 b - a potion of flight
 f - 3 potions of heal wounds {unknown}
 g - 2 potions of brilliance
 h - a potion of haste {unknown}
 i - 3 potions of curing {unknown}
 j - a potion of ambrosia {unknown}
 n - a potion of might {unknown}


   Skills:
 + Level 7.0 Fighting
 + Level 2.4 Short Blades
 + Level 2.4 Long Blades
 + Level 5.2 Axes
 + Level 2.4 Maces & Flails
 + Level 2.4 Polearms
 + Level 2.4 Staves
 + Level 2.4 Slings
 + Level 2.4 Bows
 + Level 2.4 Crossbows
 + Level 2.4 Throwing
 + Level 5.2 Armour
 + Level 3.6 Dodging
 + Level 2.4 Stealth
 + Level 2.4 Shields
 + Level 2.4 Unarmed Combat
 + Level 2.4 Spellcasting
 + Level 2.0 Conjurations
 + Level 2.0 Hexes
 + Level 2.0 Summonings
 + Level 2.0 Necromancy
 + Level 2.0 Translocations
 + Level 2.0 Transmutations
 + Level 2.0 Fire Magic
 + Level 2.0 Ice Magic
 + Level 2.0 Air Magic
 + Level 2.0 Earth Magic
 + Level 2.0 Poison Magic
 + Level 5.3 Invocations
 + Level 2.4 Evocations


You had 10 spell levels left.
You didn't know any spells.
Your spell library contained the following spells:

 Spells                   Type           Power      Damage    Failure   Level
 Sandblast                Erth           8%         2d5       98%         1
 Passwall                 Tmut/Erth      3%         N/A       99%         2
 Conjure Flame            Conj/Fire      4%         6-21      100%        3
 Ignite Poison            Fire/Tmut/Pois 4%         N/A       100%        3
 Stone Arrow              Conj/Erth      8%         3d7       100%        3
 Fulminant Prism          Conj/Hex       2%         3d6       100%        4
 Iskenderun's Mystic Bla  Conj/Tloc      4%         2d3       100%        4
 Sticky Flame             Conj/Fire      4%         2d3       100%        4
 Lee's Rapid Deconstruct  Erth           2%         3d5*      100%        5


Dungeon Overview and Level Annotations

Branches:
Dungeon (5/15)
 Temple: D:4-7

Altars:

Shops:
D:1 :

Annotations:
D:2 1 runed translucent door, Crazy Yiuf


Innate Abilities, Weirdness & Mutations

You have very sharp teeth.
Your uncanny sense of smell can sniff out nearby items.
Your experience applies equally to all skills.


Message History

You hit the gnoll shaman.
The gnoll shaman is heavily wounded.
You barely miss the iguana. You hit the gnoll but do no damage. x3
The gnoll shaman calls upon its god to speed up the gnoll.
The gnoll seems to speed up.
You block the iguana's attack. The gnoll hits you with a +0 club.
The gnoll hits you with a +1 flail of venom!
You are poisoned.
The gnoll hits you with a +0 club.
The iguana bites you but does no damage.
The gnoll shaman hits you but does no damage.
You hit the gnoll shaman.
The gnoll shaman is severely wounded.
You completely miss the iguana. You closely miss the gnoll.
Your chain mail prevents you from hitting the gnoll.
You barely miss the gnoll.
You feel very sick. The gnoll hits you but does no damage.
The gnoll hits you with a +0 club.
* * * LOW HITPOINT WARNING * * *
The gnoll hits you but does no damage.
You are lethally poisoned!
You block the gnoll's attack.
The iguana bites you but does no damage.
The gnoll shaman hits you but does no damage.
The gnoll hits you but does no damage.
You hit the gnoll shaman.
The gnoll shaman is almost dead.
You hit the gnoll. x2
Your chain mail prevents you from hitting the gnoll.
You hit the iguana but do no damage.
* * * LOW HITPOINT WARNING * * *
You feel very sick. The gnoll hits you but does no damage.
The gnoll closely misses you. The gnoll hits you with a +0 club.
* * * LOW HITPOINT WARNING * * *
The gnoll barely misses you.
The gnoll shaman hits you with a +0 whip.
* * * LOW HITPOINT WARNING * * *
The iguana bites you!
You die...

########## #########
#........# #.......#
#.######.# #'##.#..#### #.#
#.#
#..####.##.########.######.#
##.#.#..#..gl............#.#
#..).##.#.g@g...............
##...[#.#..g....###.######.#
#..#((#รท#....#..............
#######.#................(..
#.##......#..............
#........................
#.###.....#..............
#........................
#.####...................


You could see a gnoll shaman, an iguana and 3 gnolls.

Vanquished Creatures
  An ogre (D:3)
  2 scorpions (D:4)
  An orc priest (D:5)
  An iguana (D:5)
  4 gnolls
  5 adders
  2 ufetubi (D:4)
  2 adder skeletons (D:4)
  2 worms
  2 dart slugs
  14 orcs
  4 ball pythons (D:1)
  9 endoplasms
  4 giant cockroaches
  5 goblins
  11 hobgoblins
  4 jackals
  7 kobolds
  5 quokkas
  4 bats
  2 frilled lizards
  5 rats
96 creatures vanquished.

Vanquished Creatures (collateral kills)
  A necrophage (D:5)
  A hound (D:5)
2 creatures vanquished.

Grand Total: 98 creatures vanquished

Notes
Turn   | Place    | Note
-------+----------+-------------------------------------------
     0 | Abyss:1  | Gargoyl the Gnoll Abyssal Knight began the quest for the
                  | Orb.
     0 | Abyss:1  | Reached XP level 1. HP: 23/23 MP: 3/3
    74 | Abyss:1  | Noticed a thrashing horror
    91 | Abyss:1  | Noticed a raiju
   102 | Abyss:1  | Identified a scroll of acquirement
   102 | Abyss:1  | Acquired a +2 buckler of protection
   104 | D:1      | Escaped the Abyss
   245 | D:1      | Reached XP level 2. HP: 29/29 MP: 5/5
   267 | D:1      | Reached * piety under Lugonu
   688 | D:1      | Found Ikawieth's Book Boutique.
   738 | D:1      | Reached XP level 3. HP: 31/35 MP: 6/6
  1427 | D:2      | Noticed a shining eye
  1430 | D:2      | Noticed an eye of devastation
  1432 | D:2      | Found a faded altar of an unknown god.
  1434 | D:2      | Noticed an eye of devastation
  1434 | D:2      | Noticed a golden eye
  1776 | D:2      | Found a runed translucent door.
  1779 | D:2      | Noticed Crazy Yiuf
  2130 | D:3      | Reached skill level 1 in Short Blades
  2130 | D:3      | Reached skill level 1 in Long Blades
  2130 | D:3      | Reached skill level 1 in Maces & Flails
  2130 | D:3      | Reached skill level 1 in Polearms
  2130 | D:3      | Reached skill level 1 in Staves
  2130 | D:3      | Reached skill level 1 in Slings
  2130 | D:3      | Reached skill level 1 in Bows
  2130 | D:3      | Reached skill level 1 in Crossbows
  2130 | D:3      | Reached skill level 1 in Throwing
  2130 | D:3      | Reached skill level 1 in Stealth
  2130 | D:3      | Reached skill level 1 in Shields
  2130 | D:3      | Reached skill level 1 in Unarmed Combat
  2130 | D:3      | Reached skill level 1 in Spellcasting
  2130 | D:3      | Reached skill level 1 in Evocations
  2191 | D:3      | Reached XP level 4. HP: 39/41 MP: 7/7
  2209 | D:3      | Noticed an ogre
  2989 | D:3      | Reached ** piety under Lugonu
  3023 | D:3      | Reached skill level 1 in Conjurations
  3023 | D:3      | Reached skill level 1 in Hexes
  3023 | D:3      | Reached skill level 1 in Summonings
  3023 | D:3      | Reached skill level 1 in Necromancy
  3023 | D:3      | Reached skill level 1 in Translocations
  3023 | D:3      | Reached skill level 1 in Transmutations
  3023 | D:3      | Reached skill level 1 in Fire Magic
  3023 | D:3      | Reached skill level 1 in Ice Magic
  3023 | D:3      | Reached skill level 1 in Air Magic
  3023 | D:3      | Reached skill level 1 in Earth Magic
  3023 | D:3      | Reached skill level 1 in Poison Magic
  3335 | D:3      | Killed an ogre
  3336 | D:3      | Reached XP level 5. HP: 17/47 MP: 8/8
  3858 | D:4      | Reached skill level 5 in Invocations
  3858 | D:4      | Reached XP level 6. HP: 26/53 MP: 9/9
  4301 | D:4      | Reached skill level 5 in Axes
  4301 | D:4      | Reached skill level 5 in Armour
  4820 | D:5      | Entered Level 5 of the Dungeon
  4851 | D:5      | Noticed a necrophage
  4857 | D:5      | Killed a necrophage
  4858 | D:5      | Reached XP level 7. HP: 59/59 MP: 10/10
  4917 | D:5      | Reached skill level 7 in Fighting
  5319 | D:4      | Slain by an iguana

Illustrated notes

Levels and vault maps discovered:
D:1:      scummos_arrival_forest, layout_basic, serial_shops, shop_fountains,
          minmay_heptomino_o4
D:2:      layout_loops_corners, hellmonk_ecumenical_altar_watching_god,
          kennysheep_generic_room_15, uniq_crazy_yiuf_cottage
D:3:      layout_basic
D:4:      minmay_wonky_spiral, layout_basic, kennysheep_decorative_pillar
D:5:      layout_cave_pools

Skill      XL: |  1  2  3  4  5  6  7 |
---------------+----------------------+-----
Short Blades   | 1 2 |  2.4
Long Blades    | 1 2 |  2.4
Maces & Flails | 1 2 |  2.4
Polearms       | 1 2 |  2.4
Staves         | 1 2 |  2.4
Slings         | 1 2 |  2.4
Bows           | 1 2 |  2.4
Crossbows      | 1 2 |  2.4
Throwing       | 1 2 |  2.4
Stealth        | 1 2 |  2.4
Shields        | 1 2 |  2.4
Unarmed Combat | 1 2 |  2.4
Spellcasting   | 1 2 |  2.4
Evocations     | 1 2 |  2.4
Conjurations   | 1 2 |  2.0
Hexes          | 1 2 |  2.0
Summonings     | 1 2 |  2.0
Necromancy     | 1 2 |  2.0
Translocations | 1 2 |  2.0
Transmutations | 1 2 |  2.0
Fire Magic     | 1 2 |  2.0
Ice Magic      | 1 2 |  2.0
Air Magic      | 1 2 |  2.0
Earth Magic    | 1 2 |  2.0
Poison Magic   | 1 2 |  2.0
Dodging        | 3 |  3.6
Invocations    | 5 |  5.3
Axes           | 5 |  5.2
Armour         | 5 |  5.2
Fighting       | 7 |  7.0

Action                   |  1- 3 |  4- 6 |  7- 9 || total
-------------------------+-------+-------+-------++-------
Melee: Hand axe          |   122 |   154 |    77 ||   353
       Bite              |    13 |    18 |     3 ||    34
Throw: Javelin           |       |     4 |       ||     4
Invok: Depart the Abyss  |     1 |       |       ||     1
       Bend Space        |       |     1 |       ||     1
Evoke: Wand              |       |     1 |       ||     1
  Use: Scroll            |     4 |     5 |     3 ||    12
 Stab: Paralysed         |       |     4 |       ||     4
Armor: Ring mail         |    74 |    12 |       ||    86
       Leather armour    |     1 |       |       ||     1
       Chain mail        |       |    64 |    55 ||   119
Dodge: Dodged            |    61 |    42 |    35 ||   138
Block: Buckler           |    41 |    57 |    40 ||   138

Table legend: (Time is in decaauts)
 A = Elapsed time spent in this place.
 B = Non-inter-level travel time spent in this place.
 C = Inter-level travel time spent in this place.
 D = Time resting spent in this place.
 E = Time spent auto-exploring this place.
 F = Levels seen in this place.
 G = Mean time per level.
                   A        B        C        D        E       F      G
               +--------+--------+--------+--------+--------+-----+--------+
         Total |   5365 |   5163 |    202 |    271 |   3699 |   6 |  894.2 |
       Dungeon |   5261 |   5059 |    202 |    271 |   3658 |   5 | 1052.2 |
         Abyss |    104 |    104 |      0 |      0 |     41 |   1 |  104.0 |
               +--------+--------+--------+--------+--------+-----+--------+

Top non-repeatable levels by time:
     D:3: 1471 daAuts
     D:4: 1336 daAuts
     D:2: 1096 daAuts
     D:1: 981 daAuts
     D:5: 374 daAuts
 Abyss:1: 104 daAuts
